 Dungeon Crawl Stone Soup version 0.32-a0-859-gb0a091d592 (webtiles) character file.

Game seed: 7691091908412496673

326394 jasper the Executioner (level 20, -5/171 HPs)
             Began as a Demonspawn Fighter on Mar 27, 2024.
             Was a Priest of Jiyva.
             Slain by an orc warlord
             ... wielding a +2 battleaxe of flaming
             ... created by the fury of Okawaru
              (34 damage)
             ... on level 3 of the Vaults.
             The game lasted 01:15:36 (44335 turns).

jasper the Executioner (Demonspawn Fighter)        Turns: 44335, Time: 01:15:37

Health: -5/171     AC: 50    Str: 22    XL:     20   Next: 76%
Magic:  0/26       EV: 10    Int:  4    God:    Jiyva [***...]
Gold:   1732       SH:  0    Dex: 23    Spells: 19/19 levels left

rFire   + . .        S - +8 frozen axe "Frostbite" {freeze, freezing cloud, *Noise Fly rC+}
rCold   + + .        (shield currently unavailable)
rNeg    + . .        T - +10 crystal plate armour "Coghinebb" {+Blink rPois}
rPois   +            l - +2 helmet of Philately {rElec}
rElec   +            b - scarf {rC+ rF+}
rCorr   +            w - +2 pair of gloves
SInv    .            L - +2 pair of boots
Will    +++..        J - amulet of regeneration Stlth
                     r - ring of Coaqem {rN+ Will+}
HPRegen 2.40/turn    V - ring of willpower
MPRegen 0.96/turn

%: guardian spirit
@: flying, studying 3 skills
A: hooves 2, ignite blood 2, magic shield, magic regeneration, magic link, sharp
scales 3, agile 2, dopey 1, gelatinous body 2
}: 2/15 runes: decaying, gossamer
a: Renounce Religion, Evoke Blink, Oozemancy


You were on level 3 of the Vaults.
You worshipped Jiyva.
Jiyva was most pleased with you.
You visited 7 branches of the dungeon, and saw 36 of its levels.
You visited the Abyss 1 time.
You also visited: Sewer, Volcano and Wizlab.

You collected 5045 gold pieces.
You spent 3313 gold pieces at shops.

Inventory:

Hand Weapons
 e - a +5 executioner's axe of flaming
 S - the +8 frozen axe "Frostbite" (weapon) {freeze, freezing cloud, *Noise Fly rC+}
   (Okawaru gifted it to you on level 1 of the Lair of Beasts)

   rC+:       It protects you from cold.
   Fly:       It grants you flight.
   *Noise:    It may make a loud noise when swung.
Missiles
 k - 10 curare-tipped darts
 q - 13 silver javelins
 t - 13 boomerangs (quivered)
 C - 6 throwing nets
 N - 15 javelins
Armour
 b - a scarf of resistance (worn)
 l - the +2 helmet of Philately (worn) {rElec}
   (You found it on level 1 of the Swamp)

   rElec:     It insulates you from electricity.
 w - a +2 pair of gloves (worn)
 L - a +2 pair of boots (worn)
 T - the +10 crystal plate armour "Coghinebb" (worn) {+Blink rPois}
   (Okawaru gifted it to you on level 1 of the Lair of Beasts)

   rPois:     It protects you from poison.
   +Blink:    It lets you blink.
Jewellery
 f - the ring of Ribe {Fly Int+2 Stlth+}
   (You found it on level 4 of the Swamp)

   [ring of flight]

   Int+2:     It affects your intelligence (+2).
   Fly:       It grants you flight.
   Stlth+:    It makes you more stealthy.
 r - the ring of Coaqem (left hand) {rN+ Will+}
   (You bought it in a shop on level 12 of the Dungeon)

   [ring of positive energy]

   rN+:       It protects you from negative energy.
   Will+:     It increases your willpower.
 D - a ring of fire
 J - an amulet of regeneration (around neck)
 K - a ring of fire
 M - the ring "Wupt" {rCorr EV+5}
   (You found it on level 1 of the Swamp)

   [ring of evasion]

   EV+5:      It affects your evasion (+5).
   rCorr:     It protects you from acid and corrosion.
 Q - a ring of see invisible
 V - a ring of willpower (right hand)
Wands
 a - a wand of iceblast (32)
 u - a wand of digging (17)
 H - a wand of acid (12)
Scrolls
 c - 5 scrolls of vulnerability
 i - 6 scrolls of fear
 s - 3 scrolls of fog
 v - 4 scrolls of identify
 y - 3 scrolls of noise
 F - 3 scrolls of immolation
 P - 3 scrolls of revelation
 R - 15 scrolls of teleportation
 U - 3 scrolls of silence
 W - a scroll of enchant armour
 X - 7 scrolls of poison
 Y - a scroll of torment
 Z - 2 scrolls of enchant weapon
Potions
 d - 17 potions of might
 g - 8 potions of enlightenment
 h - 3 potions of berserk rage
 j - 8 potions of curing
 n - 6 potions of ambrosia
 o - 6 potions of resistance
 x - 4 potions of magic
 z - 10 potions of haste
 B - 7 potions of mutation
 E - 3 potions of attraction
 G - 3 potions of heal wounds
 I - 2 potions of invisibility
 O - 3 potions of lignification
Miscellaneous
 m - a condenser vane
 p - a Gell's gravitambourine (1/2)


   Skills:
 * Level 18.2 Fighting
 - Level 24.0 Axes
 + Level 11.3 Throwing
 + Level 16.4 Armour
 + Level 7.0 Dodging
 - Level 2.6 Shields
 - Level 8.0 Invocations


You had 19 spell levels left.
You didn't know any spells.
Your spell library contained the following spells:

 Spells                   Type           Power      Damage    Failure   Level
 Apportation              Tloc           0%         N/A       100%        1
 Foxfire                  Conj/Fire      0%         2x1d4     100%        1
 Magic Dart               Conj           0%         1d3       100%        1
 Necrotise                Necr           0%         1d4       100%        1
 Shock                    Conj/Air       0%         1d3       100%        1
 Sting                    Conj/Alch      0%         1d3       100%        1
 Call Imp                 Summ           0%         N/A       100%        2
 Cigotuvi's Dreadful Rot  Necr/Alch/Air  0%         N/A       100%        2
 Ensorcelled Hibernation  Hex/Ice        0%         N/A       100%        2
 Jinxbite                 Hex            0%         N/A       100%        2
 Mercury Vapours          Alch/Air       0%         N/A       100%        2
 Momentum Strike          Conj/Tloc      0%         3d8       100%        2
 Searing Ray              Conj           0%         2d4       100%        2
 Static Discharge         Conj/Air       0%         3-3/arc   100%        2
 Sublimation of Blood     Necr           0%         N/A       100%        2
 Call Canine Familiar     Summ           0%         N/A       100%        3
 Dazzling Flash           Conj/Hex       0%         N/A       100%        3
 Fugue of the Fallen      Necr           0%         N/A       100%        3
 Hailstorm                Conj/Ice       0%         3d5       100%        3
 Inner Flame              Hex/Fire       0%         N/A       100%        3
 Passwall                 Erth           0%         N/A       100%        3
 Sigil of Binding         Hex            0%         N/A       100%        3
 Stone Arrow              Conj/Erth      0%         3d7       100%        3
 Summon Ice Beast         Ice/Summ       0%         N/A       100%        3
 Swiftness                Air            0%         N/A       100%        3
 Teleport Other           Tloc           0%         N/A       100%        3
 Vampiric Draining        Necr           0%         2d6       100%        3
 Volatile Blastmotes      Fire/Tloc      0%         2d10      100%        3
 Airstrike                Air            0%         2d(0-16)  100%        4
 Anguish                  Hex/Necr       0%         N/A       100%        4
 Dimensional Bullseye     Hex/Tloc       0%         N/A       100%        4
 Flame Wave               Conj/Fire      0%         2d4       100%        4
 Fulminant Prism          Conj/Alch      0%         3d5       100%        4
 Martyr's Knell           Necr/Summ      0%         N/A       100%        4
 Olgreb's Toxic Radiance  Alch           0%         N/A       100%        4
 Passage of Golubria      Tloc           0%         N/A       100%        4
 Petrify                  Alch/Erth      0%         N/A       100%        4
 Sticky Flame             Fire/Alch      0%         2d4       100%        4
 Summon Blazeheart Golem  Fire/Summ      0%         N/A       100%        4
 Summon Lightning Spire   Summ/Air       0%         N/A       100%        4
 Vhi's Electric Charge    Tloc/Air       0%         N/A       100%        4
 Alistair's Intoxication  Alch           0%         N/A       100%        5
 Arcjolt                  Conj/Air       0%         1d10      100%        5
 Borgnjor's Vile Clutch   Necr/Erth      0%         N/A       100%        5
 Curse of Agony           Necr           0%         N/A       100%        5
 Irradiate                Conj/Alch      0%         3d11      100%        5
 Silence                  Hex/Air        0%         N/A       100%        5
 Summon Mana Viper        Hex/Summ       0%         N/A       100%        5
 Bombard                  Conj/Erth      0%         9d1       100%        6
 Conjure Ball Lightning   Conj/Air       0%         3x3d6     100%        6
 Death Channel            Necr           0%         N/A       100%        6
 Dispersal                Tloc           0%         N/A       100%        6
 Eringya's Noxious Bog    Alch           0%         4d6       100%        6
 Gell's Gavotte           Tloc           0%         2d(11-16) 100%        6
 Permafrost Eruption      Ice/Erth       0%         2x4d2     100%        6
 Plasma Beam              Fire/Air       0%         2x1d10    100%        6
 Sculpt Simulacrum        Ice/Alch       0%         N/A       100%        6
 Starburst                Conj/Fire      0%         6d3       100%        6
 Manifold Assault         Tloc           0%         N/A       100%        7
 Monstrous Menagerie      Summ           0%         N/A       100%        7
 Orb of Destruction       Conj           0%         9d5       100%        7
 Spellforged Servitor     Conj/Summ      0%         N/A       100%        7
 Summon Hydra             Summ           0%         N/A       100%        7
 Discord                  Hex            0%         N/A       100%        8
 Disjunction              Tloc           0%         N/A       100%        8
 Lehudib's Crystal Spear  Conj/Erth      0%         10d2      100%        8
 Maxwell's Capacitive Co  Air            0%         ∞         100%        8


Dungeon Overview and Level Annotations

Branches:
Dungeon (15/15)            Temple (0/1) D:5            Lair (5/5) D:11
  Swamp (4/4) Lair:3       Spider (4/4) Lair:3        Slime (0/5) Lair:5
    Orc (2/2) D:12            Elf (3/3) Orc:2        Vaults (3/5) D:13
  Crypt (0/3) Vaults:2     Depths (0/4) D:15          Sewer (visited)
Volcano (visited)          WizLab (visited)

Altars:
Kikubaaqudgha
Nemelex Xobeh
Okawaru
Wu Jian
Yredelemnul
Beogh
Jiyva

Shops:
D:5 (   D:12 =??:   Orc:2 ([::*   Elf:1 *   Elf:2 (   Elf:3 *   Vaults:2 =

Portals:
Trove: Vaults:2 (give +4 fire dragon scales)

Annotations:
D:9 2 transporters


Innate Abilities, Weirdness & Mutations

You have hoof-like feet.
Your demonic aura often causes spilled blood to erupt in flames.
When hurt, damage is shared between your health and your magic reserves.
You regenerate magic rapidly.
When low on magic, you restore magic in place of health.
You are completely covered in razor-sharp scales. (AC +3, Slay +3)
You are very agile. (Dex +8, Str/Int -2)
You are dopey. (Int -2)
Your pliable body absorbs attacks. (AC +2, EV +2)


Message History

The orc warlord unwields a +0 arbalest.
The orc warlord wields a +2 battleaxe of flaming.
It bursts into flame!
The orc warlord hits you with a +2 battleaxe of flaming.
* * * LOW HITPOINT WARNING * * *
The deep elf master archer is engulfed in blazing flames.
The deep elf master archer shoots an arrow.
The arrow hits you!
* * * LOW HITPOINT WARNING * * *
The orc knight hits you but does no damage.
The merfolk impaler hits you from afar with a +4 demon trident of electrocution.
* * * LOW HITPOINT WARNING * * *
The merfolk hits you but does no damage.
The deep elf master archer is engulfed in blazing flames.
The deep elf master archer shoots an arrow.
The arrow misses you.
You hit the orc knight. You freeze the orc knight.
The orc knight is lightly wounded.
You slash the orc warlord! You freeze the orc warlord.
You hear a distant slurping noise.
The merfolk impaler hits you but does no damage.
The deep elf master archer is engulfed in blazing flames.
You kill the deep elf master archer!
That felt strangely unrewarding.
The orc warlord is engulfed in blazing flames.
You take 12 damage, and have 26/171 hp.
You now have 9/26 mp.
You slash the orc knight! You freeze the orc knight!
The orc knight is heavily wounded.
You hit the orc warlord. You freeze the orc warlord.
The orc knight is engulfed in freezing vapours.
The orc knight hits you with a +1 battleaxe!!
* * * LOW HITPOINT WARNING * * *
The merfolk barely misses you.
The merfolk impaler completely misses you.
You take 14 damage, and have 12/171 hp.
You now have 6/26 mp.
You feel much better. The merfolk impaler barely misses you.
The orc knight hits you but does no damage.
The orc warlord hits you with a +2 battleaxe of flaming!!!
You die...
Jiyva sends a jelly to digest your remains.

...#
#.....##.....###.....##
...# #.....###....#
#....## ...# #.....#
##...###...## ...#
#.....# ##.......## ...#
#.....# ######### ...#
#.....# ...# #.....#
#######.....#############
..............oo@○m......
..............o☼o☼°......
................m°.......
.........................
.........................
#######.....#############
#.....# #.....# ......


You could see an orc warlord (strong), a merfolk impaler, 3 orc knights and a
merfolk.

Vanquished Creatures
  A dread lich (Vaults:3)
  Xtahua (Vaults:3)
  the Lernaean hydra (Swamp:4)
  An Ice Fiend (Swamp:1)
  5 deep elf blademasters
  2 titans
  9 deep elf master archers
  Frances (D:11)
  A tentacled starspawn (Abyss:2)
  The ghost of gdog the Unseen, an adept GnDe of Gozag (Swamp:4)
  Kirke (Swamp:1)
  Donald (Spider:1)
  5 fire giants
  2 deep elf sorcerers (Elf:3)
  8 vault wardens
  3 frost giants
  10 emperor scorpions
  4 ghost moths (Spider:4)
  A deep elf elementalist (Elf:3)
  4 orc warlords
  4 stone giants (Vaults:1)
  8 ironbound preservers
  5 ironbound thunderhulks
  3 deep elf death magi
  4 eleionomae
  6 deep elf demonologists (Elf:3)
  5 deep elf annihilators (Elf:3)
  2 bunyips
  A dire elephant (D:15)
  5 spark wasps
  2 minotaurs
  Snorg (Lair:4)
  A crystal guardian (Vaults:3)
  3 merfolk javelineers
  2 merfolk impalers
  An ettin (Orc:1)
  A shambling mangrove (Swamp:3)
  2 eidola (Abyss:2)
  A green death (Abyss:2)
  5 entropy weavers
  3 deep elf high priests
  6 vault guards
  Fannar (Orc:1)
  A rakshasa (D:15)
  2 peacekeepers
  5 yaktaur captains
  24 hydras
  An ogre mage (D:14)
  2 ghost crabs
  Erica (Lair:2)
  A jorogumo (Spider:4)
  5 two-headed ogres
  5 ironbound frosthearts
  6 alligators
  25 centaur warriors
  4 radroaches
  6 boulder beetles
  32 dancing weapons
  A tengu warrior (D:7)
  16 death yaks
  A thrashing horror (Abyss:2)
  3 occultists
  A shock serpent (shapeshifter) (Elf:1)
  2 naga warriors (Vaults:1)
  6 demonic crawlers
  Nergalle (Lair:2)
  3 orc high priests
  A skyshark (Lair:5)
  27 deep elf knights
  A wretched star (Abyss:2)
  3 spriggan druids
  6 goliath frogs
  5 pharaoh ants
  A salamander mystic (Vaults:1)
  5 skeletal warriors
  10 bog bodies
  20 deep trolls
  A death drake (shapeshifter) (Vaults:1)
  10 swamp dragons
  2 sun moths
  4 arcanists
  2 lindwurms (Vaults:2)
  6 orb spiders
  A harpy (shapeshifter) (D:14)
  14 ironbound convokers
  16 deep elf archers
  2 necromancers
  An obsidian bat (Orc:1)
  31 deep elf pyromancers
  An iron dragon zombie (Abyss:2)
  29 ugly things
  8 orc sorcerers
  11 steelbarb worms
  2 human zombies (Vaults:2)
  40 deep elf zephyrmancers
  8 orc knights
  A will-o-the-wisp (Swamp:4)
  2 worldbinders (Abyss:2)
  11 cyclopes
  2 salamanders
  24 wolf spiders
  7 large abominations
  5 manticores
  A meliai (shapeshifter) (D:15)
  3 meliai (Spider:1)
  4 moths of wrath
  5 toenail golems (Volcano)
  7 kobold blastminers (Orc:2)
  2 human skeletons (Vaults:2)
  13 elephants
  11 vault sentinels
  The ghost of hellokittymahmut the Thaumaturge, a novice DECj of Sif Muna (D:7)
  4 black mambas
  A smoke demon (Abyss:2)
  A naga zombie (Abyss:2)
  A water nymph (D:15)
  8 torpor snails
  A gargoyle (D:13)
  22 cane toads
  A rime drake (Lair:4)
  A freezing wraith (D:14)
  A tengu conjurer (D:7)
  10 komodo dragons
  An unseen horror (D:11)
  15 yaktaurs
  A kobold demonologist (D:8)
  3 efreet
  2 ancient zymes (Abyss:2)
  12 trolls
  12 tyrant leeches
  12 merfolk
  2 queen bees (shapeshifter)
  4 polar bears
  Grinder (D:3)
  20 tarantellas
  21 blink frogs
  An ettin zombie (Vaults:2)
  10 hornets
  18 dream sheep
  14 jumping spiders
  7 slime creatures
  3 shadows
  Sigmund (D:6)
  A centaur simulacrum (D:14)
  12 culicivoras
  A ynoxinul (Abyss:2)
  3 water elementals (Elf:1)
  4 wyverns
  3 spriggans
  2 air elementals (Elf:3)
  2 vampires
  Eustachio (D:6)
  4 fire elementals
  12 starcursed masses (Abyss:2)
  8 wargs
  26 yaks
  A neqoxec (Abyss:2)
  4 basilisks
  8 humans
  2 steam dragons
  53 redbacks
  22 vampire mosquitoes
  Menkaure (D:6)
  5 nagas (Vaults:1)
  16 swamp worms
  A hell hound (Abyss:2)
  12 water moccasins
  34 orc warriors
  Pargi (D:3)
  A black bear (D:4)
  7 swamp drakes (Swamp:4)
  2 ice beasts
  11 small abominations
  2 laughing skulls (D:15)
  12 wolves
  5 ogres
  A phantom (D:6)
  16 centaurs
  3 kobold brigands
  20 bullfrogs
  2 earth elementals
  3 scorpions
  5 wights (D:8)
  5 killer bees (D:9)
  3 howler monkeys
  6 jellies
  5 electric eels
  4 hounds
  16 orc priests
  2 iron imps (Abyss:2)
  A gnoll bouda (D:3)
  5 iguanas
  Natasha (thrice) (D:4)
  15 orc wizards
  2 hell rats (Lair:3)
  14 adders
  11 gnolls
  14 river rats
  A shadow imp (Abyss:2)
  4 white imps
  4 ufetubi
  2 dart slugs
  3 ribbon worms (D:2)
  82 orcs
  10 endoplasms
  2 giant cockroaches (D:5)
  7 goblins
  6 hobgoblins
  4 jackals (D:1)
  33 kobolds
  5 quokkas
  12 ball pythons
  2 bats
  12 frilled lizards
  28 rats
  A starspawn tentacle (Abyss:2)
1519 creatures vanquished.

Vanquished Creatures (others)
  3 formless jellyfish
  A great orb of eyes (Vaults:2)
  2 ironbound frosthearts
  A deep troll (Vaults:3)
  An ironbound convoker (Vaults:1)
  A vault sentinel (Vaults:1)
  2 yaktaurs
  A bloated husk (Swamp:3)
  17 slime creatures
  A jumping spider (Spider:2)
  A spriggan (Swamp:3)
  A swamp drake (Swamp:4)
  16 jellies
  4 foxfires (Swamp:4)
  4 starspawn tentacles (Abyss:2)
56 creatures vanquished.

Grand Total: 1575 creatures vanquished

Notes
Turn   | Place    | Note
-------+----------+-------------------------------------------
     0 | D:1      | jasper the Demonspawn Fighter began the quest for the Orb.
     0 | D:1      | Reached XP level 1. HP: 18/18 MP: 1/1
    98 | D:1      | Reached skill level 2 in Axes
   199 | D:1      | Gained mutation: You are partially covered in razor-sharp
                  | scales. (AC +1, Slay +1) [demonic ancestry]
   199 | D:1      | Reached XP level 2. HP: 24/24 MP: 2/2
   461 | D:1      | Reached skill level 3 in Axes
   945 | D:1      | You fall into a shaft and drop 1 floor!
   955 | D:2      | Gained mutation: You regenerate magic rapidly. [demonic
                  | ancestry]
   955 | D:2      | Reached XP level 3. HP: 29/29 MP: 3/3
  1012 | D:2      | Found an iron altar of Okawaru.
  1032 | D:2      | Became a worshipper of Warmaster Okawaru
  1594 | D:2      | Identified a scroll of acquirement
  1594 | D:2      | Acquired the +8 broad axe of the Eternal Warrior {flame,
                  | *Noise rPois rC- Str+8}
  1630 | D:3      | Reached skill level 4 in Axes
  1630 | D:3      | Reached XP level 4. HP: 31/35 MP: 4/4
  2190 | D:3      | Reached XP level 5. HP: 41/41 MP: 5/5
  2197 | D:3      | Reached skill level 5 in Axes
  2396 | D:3      | Noticed Grinder
  2406 | D:3      | Killed Grinder
  2406 | D:3      | Reached * piety under Okawaru
  2407 | D:3      | Reached skill level 6 in Axes
  2407 | D:3      | Reached XP level 6. HP: 46/47 MP: 6/6
  2893 | D:4      | Noticed Pargi
  2907 | D:3      | Killed Pargi
  2908 | D:3      | Reached skill level 7 in Axes
  2908 | D:3      | Gained mutation: Your demonic aura sometimes causes spilled
                  | blood to erupt in flames. [demonic ancestry]
  2908 | D:3      | Reached XP level 7. HP: 49/52 MP: 5/7
  3081 | D:4      | Noticed Natasha
  3091 | D:4      | Killed Natasha
  3356 | D:4      | Noticed Natasha
  3361 | D:4      | Killed Natasha
  3646 | D:4      | Noticed Natasha
  3650 | D:4      | Killed Natasha
  3650 | D:4      | Reached ** piety under Okawaru
  3715 | D:4      | Reached skill level 8 in Axes
  3961 | D:5      | Entered Level 5 of the Dungeon
  4091 | D:5      | Reached XP level 8. HP: 58/58 MP: 8/8
  4104 | D:5      | Found Weral's Antique Weapon Shoppe.
  4151 | D:5      | Found a glowing drain.
  4162 | Sewer    | Entered a sewer
  4276 | Sewer    | Reached skill level 9 in Axes
  4828 | D:5      | Found a staircase to the Ecumenical Temple.
  5557 | D:6      | Noticed Menkaure
  5566 | D:6      | Killed Menkaure
  5566 | D:6      | Reached *** piety under Okawaru
  5567 | D:6      | Reached skill level 10 in Axes
  5853 | D:6      | Noticed Sigmund
  5862 | D:6      | Killed Sigmund
  5933 | D:6      | Noticed Eustachio
  5945 | D:6      | Killed Eustachio
  5946 | D:6      | Reached skill level 11 in Axes
  5946 | D:6      | Gained mutation: You are mostly covered in razor-sharp
                  | scales. (AC +2, Slay +2) [demonic ancestry]
  5946 | D:6      | Reached XP level 9. HP: 54/63 MP: 9/9
  6907 | D:7      | Found a runed translucent gate.
  6910 | D:7      | Found a runed translucent gate.
  6910 | D:7      | Found a runed translucent gate.
  6910 | D:7      | Noticed hellokittymahmut's ghost (novice DECj)
  7289 | D:7      | Found a roughly hewn altar of Beogh.
  7318 | D:8      | Noticed a kobold demonologist
  7320 | D:8      | Killed a kobold demonologist
  7320 | D:8      | Reached **** piety under Okawaru
  7321 | D:8      | Reached skill level 5 in Fighting
  7891 | D:8      | Reached skill level 5 in Armour
  7904 | D:8      | Found a sparkling altar of Nemelex Xobeh.
  8578 | D:9      | Found a transporter.
  8589 | D:9      | Gained mutation: Your demonic aura often causes spilled
                  | blood to erupt in flames. [demonic ancestry]
  8589 | D:9      | Reached XP level 10. HP: 68/77 MP: 10/10
  8591 | D:9      | Reached ***** piety under Okawaru
  9176 | D:9      | Found a transporter.
  9344 | D:10     | Entered Level 10 of the Dungeon
  9581 | D:10     | Noticed a two-headed ogre
  9592 | D:10     | Killed a two-headed ogre
  9819 | D:10     | Received a gift from Okawaru
 10260 | D:11     | Found a staircase to the Lair.
 10306 | D:11     | Noticed a cyclops
 10319 | D:11     | Killed a cyclops
 10354 | D:11     | Noticed a brown ugly thing
 10368 | D:11     | Killed a brown ugly thing
 10388 | D:11     | Noticed a boulder beetle
 10389 | D:11     | Noticed a purple ugly thing
 10398 | D:11     | Killed a boulder beetle
 10399 | D:11     | Reached XP level 11. HP: 67/89 MP: 8/11
 10403 | D:11     | Killed a purple ugly thing
 10582 | D:11     | Noticed a two-headed ogre
 10588 | D:11     | Killed a two-headed ogre
 10649 | D:11     | Noticed a green ugly thing
 10657 | D:11     | Killed a green ugly thing
 10658 | D:11     | Reached skill level 10 in Fighting
 10938 | Lair:1   | Entered Level 1 of the Lair of Beasts
 10981 | Lair:1   | Received a gift from Okawaru
 11274 | Lair:1   | Reached ****** piety under Okawaru
 11286 | Lair:1   | Acquired the +8 frozen axe "Frostbite" {freeze, freezing
                  | cloud, *Noise Fly rC+}
 11286 | Lair:1   | Received a gift from Okawaru
 11286 | Lair:1   | Found the +8 frozen axe "Frostbite" {freeze, freezing
                  | cloud, *Noise Fly rC+}
 11288 | Lair:1   | Acquired the +10 crystal plate armour "Coghinebb" {+Blink
                  | rPois}
 11288 | Lair:1   | Received a gift from Okawaru
 11910 | Lair:2   | Noticed Nergalle
 11916 | Lair:2   | Killed Nergalle
 11990 | Lair:2   | Received a gift from Okawaru
 12007 | Lair:2   | Noticed Erica
 12016 | Lair:2   | Killed Erica
 12054 | Lair:2   | Noticed a five-headed hydra
 12424 | Lair:3   | Noticed an eight-headed hydra
 12431 | Lair:3   | Killed a six-headed hydra
 12432 | Lair:3   | Gained mutation: When hurt, damage is shared between your
                  | health and your magic reserves. [demonic ancestry]
 12432 | Lair:3   | Reached XP level 12. HP: 61/105 MP: 12/12
 12606 | Lair:3   | Found a hole to the Spider Nest.
 12608 | Lair:3   | Reached skill level 12 in Axes
 12648 | Lair:3   | Noticed an eight-headed hydra
 12653 | Lair:3   | Killed a six-headed hydra
 12656 | Lair:3   | Received a gift from Okawaru
 12755 | Lair:3   | Reached skill level 13 in Axes
 12965 | Lair:3   | Received a gift from Okawaru
 12983 | Lair:3   | Reached skill level 14 in Axes
 13011 | Lair:3   | Found a staircase to the Swamp.
 13402 | Lair:4   | Noticed a death yak
 13403 | Lair:4   | Noticed a death yak
 13403 | Lair:4   | Noticed a death yak
 13406 | Lair:4   | Noticed a death yak
 13407 | Lair:4   | Noticed a death yak
 13418 | Lair:4   | Killed a death yak
 13423 | Lair:4   | Killed a death yak
 13423 | Lair:4   | Killed a death yak
 13425 | Lair:4   | Killed a death yak
 13426 | Lair:4   | Gained mutation: You are completely covered in razor-sharp
                  | scales. (AC +3, Slay +3) [demonic ancestry]
 13426 | Lair:4   | Reached XP level 13. HP: 86/111 MP: 9/13
 13500 | Lair:4   | Received a gift from Okawaru
 13527 | Lair:4   | Reached skill level 15 in Axes
 13543 | Lair:4   | Noticed Snorg
 13553 | Lair:4   | Killed Snorg
 13875 | Lair:4   | Found a dark tunnel.
 13884 | Volcano  | Entered a volcano
 14070 | Abyss:2  | Noticed an eidolon
 14070 | Abyss:2  | Cast into level 2 of the Abyss (an occultist)
 14076 | Abyss:2  | Noticed a green death
 14077 | Abyss:2  | Killed an eidolon
 14077 | Abyss:2  | Noticed an eidolon
 14085 | Abyss:2  | Received a gift from Okawaru
 14086 | Abyss:2  | Reached skill level 16 in Axes
 14094 | Abyss:2  | Killed an eidolon
 14097 | Abyss:2  | Killed a green death
 14288 | Abyss:2  | Found a corrupted altar of Lugonu.
 14314 | Abyss:2  | Noticed a starcursed mass
 14321 | Abyss:2  | Noticed a starcursed mass
 14352 | Abyss:2  | Noticed a tentacled starspawn
 14380 | Abyss:2  | Killed a tentacled starspawn
 14380 | Abyss:2  | Received a gift from Okawaru
 14381 | Abyss:2  | Reached skill level 17 in Axes
 14383 | Volcano  | Escaped the Abyss
 14686 | Lair:4   | Gained mutation: You have large cloven feet. [demonic
                  | ancestry]
 14686 | Lair:4   | Reached XP level 14. HP: 102/118 MP: 11/14
 14692 | Lair:4   | Received a gift from Okawaru
 15086 | Lair:5   | Entered Level 5 of the Lair of Beasts
 15152 | Lair:5   | Reached skill level 18 in Axes
 15277 | Lair:5   | Reached skill level 1 in Invocations
 15288 | Lair:5   | Reached skill level 1 in Throwing
 15342 | Lair:5   | Received a gift from Okawaru
 15366 | Lair:5   | Reached skill level 5 in Invocations
 15639 | Lair:5   | Reached skill level 5 in Throwing
 15908 | Lair:5   | Found a viscous altar of Jiyva.
 15908 | Lair:5   | Found a staircase to the Slime Pits.
 16006 | Lair:5   | Received a gift from Okawaru
 16387 | D:12     | Noticed Frances
 16387 | D:12     | Found Vuqogumm's Distillery.
 16387 | D:12     | Found Keic Xoa's Jewellery Shop.
 16387 | D:12     | Found Konnahetei's Magic Scroll Boutique.
 16398 | D:11     | Killed Frances
 16399 | D:11     | Reached XP level 15. HP: 104/124 MP: 18/21
 16416 | D:12     | Bought the ring of Coaqem {rN+ Will+} for 554 gold pieces
 16422 | D:12     | Bought 2 potions of resistance for 240 gold pieces
 16422 | D:12     | Bought a potion of enlightenment for 60 gold pieces
 16422 | D:12     | Bought a potion of haste for 120 gold pieces
 16422 | D:12     | Bought 2 potions of resistance for 240 gold pieces
 16422 | D:12     | Bought a potion of curing for 36 gold pieces
 16422 | D:12     | Bought a potion of heal wounds for 60 gold pieces
 16422 | D:12     | Bought 2 potions of curing for 72 gold pieces
 16422 | D:12     | Bought a potion of curing for 36 gold pieces
 16427 | D:12     | Bought a scroll of poison for 48 gold pieces
 16427 | D:12     | Bought a scroll of teleportation for 36 gold pieces
 16427 | D:12     | Bought a scroll of fear for 48 gold pieces
 16427 | D:12     | Bought a scroll of poison for 48 gold pieces
 16427 | D:12     | Bought a scroll of teleportation for 36 gold pieces
 16471 | D:12     | Found Iroumac's Magic Scroll Emporium.
 16476 | D:12     | Bought a scroll of blinking for 105 gold pieces
 16476 | D:12     | Bought a scroll of teleportation for 42 gold pieces
 16608 | D:12     | Found a staircase to the Orcish Mines.
 16938 | D:12     | Found Ufej's Book Shop.
 17062 | Orc:1    | Entered Level 1 of the Orcish Mines
 17082 | Orc:1    | Received a gift from Okawaru
 17096 | Orc:1    | Reached skill level 10 in Armour
 17368 | Orc:1    | Noticed Fannar
 17373 | Orc:1    | Killed Fannar
 17500 | Orc:2    | Entered Level 2 of the Orcish Mines
 17509 | Orc:2    | Found Yhin's Book Shop.
 17647 | Orc:2    | Found Afefomn's Self-Improvement Boutique.
 17678 | Orc:2    | Found Maveics's Antique Armour Shop.
 17695 | Orc:2    | Bought a pair of embroidered gloves for 225 gold pieces
 17758 | Orc:2    | Reached skill level 15 in Fighting
 17819 | Orc:2    | Found Ataecinn's Antique Weapon Boutique.
 17982 | Orc:2    | Found a staircase to the Elven Halls.
 17984 | Orc:2    | Received a gift from Okawaru
 18062 | Orc:2    | Found Icvug's General Store.
 18070 | Orc:2    | Bought a potion of heal wounds for 80 gold pieces
 18505 | D:13     | Found a gate to the Vaults.
 18616 | D:13     | Received a gift from Okawaru
 19404 | D:14     | Received a gift from Okawaru
 19498 | D:14     | Reached XP level 16. HP: 96/136 MP: 17/22
 19564 | D:14     | Identified the +2 robe of Happiness {Harm rC+ Str-5
                  | Archmagi}
 19961 | D:15     | Entered Level 15 of the Dungeon
 20039 | D:15     | Received a gift from Okawaru
 20378 | D:15     | Identified the +6 war axe of Insufficient Pleasure {venom,
                  | *Corrode rN++ Will+}
 20391 | D:15     | Found a staircase to the Depths.
 20944 | Swamp:1  | Entered Level 1 of the Swamp
 20954 | Swamp:1  | Received a gift from Okawaru
 20977 | Swamp:1  | Found a transporter.
 21008 | Swamp:1  | Noticed Kirke
 21015 | Swamp:1  | Killed Kirke
 21275 | D:12     | Bought a scroll of acquirement for 728 gold pieces
 21275 | D:12     | Acquired a manual of Throwing
 21479 | Swamp:1  | Found a transporter.
 21900 | Swamp:1  | Identified the +2 helmet of Philately {rElec}
 21902 | Swamp:1  | Identified the ring "Wupt" {rCorr EV+5}
 21975 | Swamp:2  | Reached skill level 15 in Armour
 22187 | Swamp:2  | Found an ornate altar of the Wu Jian Council.
 22205 | Swamp:2  | Received a gift from Okawaru
 22653 | Swamp:3  | Reached skill level 19 in Axes
 23182 | Swamp:4  | Entered Level 4 of the Swamp
 23210 | Swamp:4  | Reached XP level 17. HP: 139/142 MP: 23/23
 23214 | Swamp:4  | Received a gift from Okawaru
 23360 | Swamp:4  | Found a runed translucent door.
 23361 | Swamp:4  | Noticed gdog's ghost (adept GnDe)
 23391 | Swamp:4  | Killed gdog's ghost
 23393 | Swamp:4  | Identified the ring of Ribe {Fly Int+2 Stlth+}
 23539 | Swamp:4  | Reached skill level 20 in Axes
 23727 | Swamp:4  | Received a gift from Okawaru
 24128 | Swamp:4  | Noticed the 27-headed Lernaean hydra
 24136 | Swamp:4  | Killed the 21-headed Lernaean hydra
 24171 | Swamp:4  | Got a decaying rune of Zot
 24285 | Spider:1 | Entered Level 1 of the Spider Nest
 24432 | Spider:1 | Got the Parchment of the Discharge
 24475 | Spider:1 | Identified the +5 kite shield of Dogmatism {Int+2 Slay+3}
 24475 | Spider:1 | Noticed Donald
 24495 | Spider:1 | Killed Donald
 24715 | Spider:1 | Got the Octavo of Grey Finality
 24923 | Spider:1 | Received a gift from Okawaru
 25134 | Spider:2 | Reached skill level 21 in Axes
 25320 | Spider:2 | You are sucked into a shaft and drop 1 floor!
 26158 | Spider:3 | Received a gift from Okawaru
 26471 | Spider:3 | Identified the +0 leather armour "Neageyx" {-Tele Rampage
                  | rF+ Int+5}
 26514 | Spider:3 | Reached skill level 22 in Axes
 26514 | Spider:3 | Gained mutation: When low on magic, you restore magic in
                  | place of health. [demonic ancestry]
 26514 | Spider:3 | Reached XP level 18. HP: 149/149 MP: 24/24
 26866 | Spider:4 | Entered Level 4 of the Spider Nest
 27000 | Spider:4 | Received a gift from Okawaru
 27761 | Spider:4 | Received a gift from Okawaru
 27776 | Spider:4 | Reached skill level 23 in Axes
 27932 | Spider:4 | Got a gossamer rune of Zot
 28321 | Elf:1    | Entered Level 1 of the Elven Halls
 28577 | Swamp:1  | Noticed an Ice Fiend
 28582 | Swamp:1  | Killed an Ice Fiend
 29004 | Elf:1    | Found Nieck's General Store.
 29079 | Elf:1    | Bought a scroll of teleportation for 42 gold pieces
 29079 | Elf:1    | Bought a scroll of revelation for 105 gold pieces
 29079 | Elf:1    | Bought a wand of digging (6) for 352 gold pieces
 29770 | Elf:1    | Received a gift from Okawaru
 30811 | Elf:2    | Received a gift from Okawaru
 31031 | Elf:2    | Reached skill level 24 in Axes
 31119 | Elf:2    | Found Pinepab's Antique Weapon Boutique.
 31327 | Elf:2    | Reached skill level 1 in Dodging
 31341 | Elf:2    | Gained mutation: You have hoof-like feet. [demonic
                  | ancestry]
 31341 | Elf:2    | Reached XP level 19. HP: 155/155 MP: 25/25
 31539 | Elf:2    | Found a runed translucent gate.
 31540 | Elf:2    | Found a runed translucent gate.
 31540 | Elf:2    | Found a runed translucent gate.
 31695 | Elf:2    | Received a gift from Okawaru
 32439 | Elf:2    | Received a gift from Okawaru
 33207 | Elf:3    | Entered Level 3 of the Elven Halls
 33466 | Elf:2    | Found an ancient bone altar of Kikubaaqudgha.
 33554 | Elf:3    | Found Xenuytor's Assorted Antiques.
 34030 | Elf:3    | Noticed a Brimstone Fiend
 34725 | Elf:3    | Identified the +0 leather armour of Lies {Str+3 Int+3}
 34777 | Elf:3    | Identified the +5 flail of Incongruity {drain, rC+ rN+
                  | Int+2}
 34779 | Elf:3    | Identified the +4 spear of Pride {heavy, rC+ rN+ Int+4
                  | Dex-5}
 34780 | Elf:3    | Identified the ring "Zikhlec" {rPois rCorr}
 34802 | Elf:3    | Received a gift from Okawaru
 34940 | Elf:3    | Paralysed by an air elemental for 1 turns
 35005 | Elf:3    | Identified the +3 falchion of Faklosaj {pain, Stlth+}
 35039 | Elf:3    | Identified the +1 ring mail of Sarifolu {Int+2}
 35059 | Elf:3    | Got the Precepts of Conjury
 35490 | Lair:5   | Fell from the grace of Okawaru
 35490 | Lair:5   | Became a worshipper of Jiyva Jenelu the Shapeless
 40443 | D:7      | Killed hellokittymahmut's ghost
 40923 | D:8      | Fell from the grace of Jiyva
 41091 | Lair:5   | Became a worshipper of Jiyva Jenelu the Shapeless
 41274 | Vaults:1 | Entered Level 1 of the Vaults
 41532 | Vaults:1 | Reached skill level 5 in Dodging
 41557 | Vaults:1 | Found a magical portal.
 41564 | WizLab   | Entered Cigotuvi's Fleshworks
 41630 | WizLab   | Gained mutation: You are dopey. (Int -2) [mutagenic glow]
 41965 | Vaults:1 | Reached XP level 20. HP: 158/167 MP: 23/26
 42429 | Vaults:1 | Reached * piety under Jiyva
 42856 | Vaults:2 | Reached ** piety under Jiyva
 42869 | Vaults:2 | Found a staircase to the Crypt.
 42869 | Vaults:2 | Found an ancient bone altar of Kikubaaqudgha.
 42870 | Vaults:2 | Found a basalt altar of Yredelemnul.
 42911 | Vaults:2 | Reached skill level 10 in Throwing
 43222 | Vaults:2 | Reached *** piety under Jiyva
 43395 | Vaults:2 | Found Lepodud's Jewellery Emporium.
 43556 | Vaults:2 | Gained mutation: You are agile. (Dex +4, Str/Int -1)
                  | [Jiyva's grace]
 43556 | Vaults:2 | Gained mutation: You are very agile. (Dex +8, Str/Int -2)
                  | [Jiyva's grace]
 43556 | Vaults:2 | Gained mutation: Your rubbery body absorbs attacks. (AC +1,
                  | EV +1) [Jiyva's grace]
 43556 | Vaults:2 | Gained mutation: Your pliable body absorbs attacks. (AC +2,
                  | EV +2) [Jiyva's grace]
 43651 | Vaults:2 | Found a portal to a secret trove of treasure.
 43657 | Vaults:2 | Identified the beast talisman "Xuisofac" {Str+2}
 43798 | Vaults:2 | Reached **** piety under Jiyva
 44040 | Vaults:3 | Noticed a dread lich
 44040 | Vaults:3 | Paralysed by a dread lich for 4 turns
 44053 | Vaults:3 | Killed a dread lich
 44311 | Vaults:3 | Noticed Xtahua
 44326 | Vaults:3 | Killed Xtahua
 44335 | Vaults:3 | Slain by an orc warlord

Illustrated notes

Levels and vault maps discovered:
D:1:      psy_arrival_radial01, layout_basic, minmay_cupped
D:2:      wander_river, layout_loops_ring, basic_altar,
          small_statue_intersection
D:3:      layout_basic, uniq_grinder
D:4:      layout_basic, uniq_natasha, uniq_pargi
D:5:      layout_basic, temple_fountains, portal_sewer_entry_b, serial_shops,
          shop, minmay_lizard_king
D:6:      layout_loops_corners, serial_glass, glass_columns_c, glass_columns_a,
          grunt_decor_mini_mirrors, uniq_menkaure, uniq_eustachio, uniq_sigmund
D:7:      layout_rooms, biasface_ghost_orc_armoury,
          chequers_serial_rivers_room_b, grunt_decor_one_mirror,
          uniq_crazy_yiuf_cottage
D:8:      layout_gridville, overflow_temple_1_default
D:9:      layout_cave_pools, elyvilon_altar_4,
          nicolae_concentric_dashed_squares_mild
D:10:     layout_roguey, small_statue_alley_a, corner_web_ring
D:11:     layout_roguey, lair_entry_dummy
D:12:     layout_roguey, orc_0_dummy, serial_shops, nicolae_shop_hallway_stairs,
          kennysheep_little_box, shop, shop, nicolae_shop_window_shopping,
          grunt_decor_cap, hangedman_decor_push, uniq_frances
D:13:     layout_basic, david_vaults_1, dk_noncrumbling_2
D:14:     minmay_the_grid_net [minmay_the_grid_large_cup,
          minmay_the_grid_plusring, minmay_the_grid_slots,
          minmay_the_grid_minigrid_small, minmay_the_grid_box_x,
          minmay_the_grid_prize_inner_circle], layout_cave_pools,
          grunt_decor_junction, st_stairs_8
D:15:     hangedman_depths_entry_try_elsewhere_first, layout_rooms,
          reono_crystal_passage, grunt_ministairs_4
Lair:1:   layout_regular_city, grunt_megastairs_2
Lair:2:   layout_loops_ring, uniq_nergalle, uniq_erica
Lair:3:   layout_roguey, mainiacjoe_swamp_entry_angry_trees,
          nicolae_spider_entry_orb_guardian, chequers_serial_rivers_micro_c,
          kennysheep_rathole, grunt_megastairs_5, infiniplex_staircase_pool,
          serial_bayou_shore_a
Lair:4:   layout_gridlike, nicolae_volcano_entry_lava_flow, lemuel_fruit_tree,
          uniq_snorg
Lair:5:   minmay_lair_end_frog_pond, layout_regular_city, slime_entry_2,
          nicolae_lair_grazing_beasts [nicolae_sub_lair_graze_edge,
          nicolae_sub_lair_graze_edge, nicolae_sub_lair_graze_edge,
          nicolae_sub_lair_graze_edge], infiniplex_staircase_pool_2
Swamp:1:  gammafunk_worm_tunnel, layout_falls_marsh,
          evilmike_swamp_ruin_rubble_2, uniq_kirke
Swamp:2:  layout_basic_swamp, nicolae_swamp_godswood
Swamp:3:  layout_basic_swamp, evilmike_swamp_ruin_house_6
Swamp:4:  grunt_swamp_rune_castle, layout_basic_swamp, gammafunk_ghost_grave,
          swamp_pool_4, nicolae_swamp_long_stream
Spider:1: layout_spider_delve, drop_trap, dreamdust_wasp_nest, uniq_donald
Spider:2: layout_cave_pods
Spider:3: nicolae_spider_obnoxious_hallway, hangedman_spider_tarantella_strand
Spider:4: grunt_spider_rune_circles, nicolae_spider_stair_cavern
Orc:1:    layout_diamond_mine, nicolae_orc_pool_cavern, uniq_fannar
Orc:2:    grunt_orc_gardens, layout_diamond_mine, grunt_orc_garden,
          grunt_orc_garden, grunt_orc_garden, grunt_orc_garden,
          nicolae_shop_self_help
Elf:1:    minmay_elf_arrival_summoners, layout_geoelf_octagon, serial_shops,
          shop, nicolae_elf_crossing_hall, serial_library_hellmonk_big_corner
Elf:2:    nicolae_elf_blades_crystal_corner, layout_onion_city, serial_shops,
          shop, laboratory, lemuel_upstairs_altar
Elf:3:    elf_hall, layout_gridlike, serial_shops, shop
Vaults:1: mu_enter_wizlab_1, v_misc_2, nicolae_vaults_layer_cake_slice,
          nicolae_vaults_door_testing_chamber, st_cells,
          nicolae_vaults_big_angled_halls, vaults_mumra_minichess,
          nicolae_vaults_mini_display_case, vaults_dpeg_encased_lava,
          nicolae_vaults_diamond_2, nicolae_vaults_variable_pillar_hall,
          nicolae_vaults_trapezoid_4, nicolae_vaults_tetromino_T_2,
          layout_vaults_maze_bifur
Vaults:2: nicolae_vaults_steering_wheel, nicolae_vaults_twisting_passages,
          hangedman_vaults_hat, vaults_room_fancy_cross, ontoclasm_vaults_pinch,
          nicolae_vaults_yaktaur_gun_rack, minmay_crypt_entry_necro_gods,
          hangedman_vaults_restitches, nicolae_vaults_variable_pillar_hall,
          nicolae_vaults_surprise_closet, layout_vaults_chaotic_city,
          nicolae_trove_entry_columns, serial_shops, shop
Vaults:3: ontoclasm_vaults_hangar, st_greater_box_3, v_rooms_5,
          vaults_room_octagon, nicolae_vaults_storage_closets_2,
          hangedman_vaults_nodes, nicolae_vaults_tetromino_Z_1,
          vaults_dpeg_cross, nicolae_vaults_layer_cake_slice,
          nicolae_vaults_shelves_hall, nicolae_vaults_apartment_2,
          hangedman_vaults_trim, nicolae_vaults_what_the_h,
          nicolae_vaults_taking_the_gang_shopping, layout_vaults_big_cross,
          uniq_margery, uniq_xtahua

Skill      XL: |  1  2  3  4  5  6  7  8  9 10 11 12 13 14 15 16 17 18 19 20 |
---------------+-------------------------------------------------------------+-----
Axes           | 2 3 4 6 7 8 11 14 17 18 19 22 24 | 24.0
Armour         | 6 8 9 12 15 16 | 16.4
Fighting       | 6 9 13 15 16 18 | 18.2
Invocations    | 8 |  8.0
Throwing       | 5 9 11 | 11.3
Dodging        | 1 5 7 |  7.0
Shields        | |  2.6

Action                     |  1- 3 |  4- 6 |  7- 9 | 10-12 | 13-15 | 16-18 | 19-21 || total
---------------------------+-------+-------+-------+-------+-------+-------+-------++-------
  Melee: War axe           |    97 |       |       |       |       |       |       ||    97
         Broad axe         |     1 |    70 |   232 |   231 |   669 |   221 |       ||  1424
         Executioner's axe |       |       |       |       |       |   697 |   677 ||  1374
  Throw: Stone             |     1 |     2 |     2 |       |       |       |       ||     5
         Boomerang         |       |       |    10 |     3 |    19 |    51 |    70 ||   153
         Javelin           |       |       |       |       |       |     6 |       ||     6
 Invoke: Heroism           |       |     2 |     2 |     5 |     9 |     2 |       ||    20
         Receive Weapon    |       |       |       |     1 |       |       |       ||     1
         Receive Armour    |       |       |       |     1 |       |       |       ||     1
         Finesse           |       |       |       |       |       |     4 |     2 ||     6
         Slimify           |       |       |       |       |       |       |     1 ||     1
  Evoke: Wand              |       |       |       |     6 |    10 |       |     1 ||    17
         Lightning rod     |       |       |       |       |       |     5 |       ||     5
         Gell's gravitambo |       |       |       |       |       |     2 |     1 ||     3
         Condenser vane    |       |       |       |       |       |     1 |       ||     1
    Use: Scroll            |     5 |     3 |     5 |     4 |     5 |    10 |     7 ||    39
         Potion            |       |       |       |       |     2 |     6 |    10 ||    18
   Stab: Held in net/web   |       |       |       |     1 |       |       |       ||     1
 Armour: Scale mail        |    61 |    68 |    21 |       |       |       |       ||   150
         Plate armour      |       |       |   184 |   104 |       |       |       ||   288
         Crystal plate arm |       |       |       |   150 |   815 |  2033 |  1223 ||  4221
  Dodge: Dodged            |    42 |    42 |    68 |    58 |   159 |   312 |   226 ||   907
  Block: Buckler           |    22 |    31 |    74 |    51 |   148 |    46 |       ||   372

Table legend: (Time is in decaauts)
 A = Elapsed time spent in this place.
 B = Non-inter-level travel time spent in this place.
 C = Inter-level travel time spent in this place.
 D = Time resting spent in this place.
 E = Time spent auto-exploring this place.
 F = Levels seen in this place.
 G = Mean time per level.
                   A        B        C        D        E       F      G
               +--------+--------+--------+--------+--------+-----+--------+
         Total |  44019 |  37994 |   6025 |   8815 |  21001 |  40 | 1100.5 |
       Dungeon |  18045 |  15735 |   2310 |   4991 |   8371 |  15 | 1203.0 |
          Lair |   6329 |   4420 |   1909 |    102 |   3173 |   5 | 1265.8 |
         Swamp |   3155 |   2887 |    268 |    348 |   1692 |   4 |  788.8 |
   Spider Nest |   3786 |   3625 |    161 |    362 |   2297 |   4 |  946.5 |
  Orcish Mines |   1534 |   1055 |    479 |      0 |    757 |   2 |  767.0 |
   Elven Halls |   6815 |   5965 |    850 |   2729 |   1947 |   3 | 2271.7 |
        Vaults |   2820 |   2774 |     46 |    200 |   1894 |   3 |  940.0 |
         Abyss |    286 |    286 |      0 |     30 |     86 |   1 |  286.0 |
         Sewer |    670 |    670 |      0 |      0 |    404 |   1 |  670.0 |
       Volcano |    450 |    450 |      0 |     21 |    352 |   1 |  450.0 |
        Wizlab |    124 |    124 |      0 |     32 |     25 |   1 |  124.0 |
               +--------+--------+--------+--------+--------+-----+--------+

Top non-repeatable levels by time:
   Elf:1: 2640 daAuts
   Elf:2: 2298 daAuts
     D:6: 2145 daAuts
   Elf:3: 1876 daAuts
     D:4: 1832 daAuts
     D:3: 1759 daAuts
  Lair:3: 1675 daAuts
     D:8: 1620 daAuts
  Lair:1: 1363 daAuts
  Lair:5: 1360 daAuts
     D:1: 1352 daAuts
    D:12: 1309 daAuts
Vaults:2: 1236 daAuts
Vaults:1: 1190 daAuts
Spider:4: 1089 daAuts
